 Dungeon Crawl Stone Soup version 0.18.0-1-g0107ab7 (webtiles) character file.

1889 varam the Ruffian (level 8, -7/68 HPs)
             Began as a Troll Transmuter on May 5, 2016.
             Was a Believer of Makhleb.
             Killed by nerve-wracking pain
             ... invoked by an orc priest
              (11 damage)
             ... on level 5 of the Dungeon.
             The game lasted 00:23:06 (6073 turns).

varam the Ruffian (Troll Transmuter)                Turns: 6073, Time: 00:23:07

Health: -7/68      AC:  5    Str: 25    XL:     8   Next: 92%
Magic:  14/14      EV: 10    Int:  9    God:    Makhleb [**....]
Gold:   178        SH:  0    Dex: 12    Spells: 4 memorised, 7 levels left

rFire  . . .     SeeInvis .       - Unarmed
rCold  . . .     Gourm    +     b - +0 robe
rNeg   . . .     Faith    +     (no shield)
rPois  .         Spirit   .     (helmet restricted)
rElec  .         Dismiss  .     (no cloak)
rCorr  .         Reflect  .     (gloves unavailable)
SustAt +         Harm     .     (boots unavailable)
MR     .....                    G - amulet of faith
Stlth  +.........               r - +6 ring of strength
                                x - ring of sustain attributes

@: appendage, drained, not resistant to hostile enchantments, very unstealthy
A: unfitting armour, claws 3, talons 3, fast metabolism 3, gourmand,
regeneration 2, shaggy fur 1, tough skin 2
a: End Transformation, Minor Destruction, Renounce Religion


You were on level 5 of the Dungeon.
You worshipped Makhleb.
Makhleb was pleased with you.
You were very full.
You had grown temporary talons.
You visited 2 branches of the dungeon, and saw 8 of its levels.

You collected 178 gold pieces.

Inventory:

Missiles
 a - 82 arrows
Armour
 b - a +0 robe (worn)
Jewellery
 p - an uncursed amulet of dismissal
 r - a +6 ring of strength (right claw)
 x - a ring of sustain attributes (left claw)
 G - an amulet of faith (around neck)
Wands
 D - a wand of slowing (21/48)
 F - a wand of iceblast (8/15)
 H - a wand of acid (3/15)
Scrolls
 e - a scroll of identify
 f - 2 scrolls of random uselessness
 g - a scroll of enchant armour
 h - a scroll of recharging
 j - a scroll of magic mapping
 o - a scroll of immolation {unknown}
 q - a scroll of enchant weapon {unknown}
 s - 7 scrolls of remove curse
 A - a scroll of fog {unknown}
 E - a scroll of blinking {unknown}
Potions
 k - 2 potions of heal wounds
 m - a potion of lignification {unknown}
 n - 2 potions of haste {unknown}
 u - a potion of degeneration {unknown}
 v - a potion of mutation {unknown}
 w - 2 potions of curing {unknown}
 z - a potion of magic {unknown}
 B - a potion of berserk rage
Books
 c - a book of Changes

   Spells                             Type                      Level
   a - Beastly Appendage              Transmutation                1
   b - Sticks to Snakes               Transmutation                2
   c - Spider Form                    Transmutation/Poison         3
   d - Ice Form                       Ice/Transmutation            4
   e - Blade Hands                    Transmutation                5
 l - a book of Summonings

   Spells                             Type                      Level
   a - Recall                         Summoning/Translocation      3
   b - Aura of Abjuration             Summoning                    5
   c - Summon Demon                   Summoning                    5
   d - Summon Forest                  Summoning/Translocation      5
   e - Summon Mana Viper              Hexes/Summoning              5
   f - Shadow Creatures               Summoning                    6
 y - a book of Burglary

   Spells                             Type                      Level
   a - Swiftness                      Charms/Air                   2
   b - Passwall                       Transmutation/Earth          2
   c - Passage of Golubria            Translocation                4
   d - Lee's Rapid Deconstruction     Earth                        5
   e - Darkness                       Hexes                        6
   f - Invisibility                   Hexes                        6
Comestibles
 d - 3 bread rations
 i - 2 meat rations
 t - 4 fruits
 C - 2 beef jerkies


   Skills:
 - Level 0.8(0.5) Fighting
 - Level 1.8(1.5) Dodging
 - Level 0.1(0.0) Stealth
 + Level 6.0(5.6) Unarmed Combat
 * Level 5.3(4.9) Spellcasting
 + Level 4.9(4.6) Transmutations


You had 7 spell levels left.
You knew the following spells:

 Your Spells              Type           Power        Failure   Level  Hunger
a - Beastly Appendage     Trmt           ##....       4%          1    #......
b - Sticks to Snakes      Trmt           ##......     8%          2    ##.....
c - Spider Form           Trmt/Pois      #.........   30%         3    ###....
d - Ice Form              Ice/Trmt       #.......     87%         4    #####..


Dungeon Overview and Level Annotations

Branches:
Dungeon (7/15)             Temple (1/1) D:5

Altars:
Ashenzari
Cheibriados
Dithmenos
Elyvilon
Gozag
Kikubaaqudgha
Makhleb
Nemelex Xobeh
Pakellas
Qazlal
Ru
Trog
Xom
Yredelemnul
The Shining One


Innate Abilities, Weirdness & Mutations

You are too large for most types of armour.
You have claws for hands.
Your metabolism is lightning-fast.
You like to eat raw meat.
You heal very quickly.
You are covered in fur (AC +1).
You have very tough skin (AC +2).
You have claws for feet.


Message History

You closely miss the orc priest. Your kick misses the orc priest.
You scratch the orc priest but do no damage.
You claw the orc priest, but do no damage.
The orc priest hits you but does no damage.
You scratch the orc priest but do no damage.
You claw the orc priest.
The orc priest is lightly wounded.
The orc priest mumbles some strange prayers to Beogh against you.
Beogh smites you!
* * * LOW HITPOINT WARNING * * *
You completely miss the orc priest. Your kick misses the orc priest.
Your claw misses the orc priest.
The orc priest is lightly wounded.
The orc priest barely misses you.
You barely miss the orc priest.
You claw the orc priest, but do no damage.
The orc priest is lightly wounded.
The orc priest calls down the wrath of Beogh upon you.
Pain shoots through your body!
You die...

##..............## #.#
#................#####.#### #
#................##.......# ##
#................##.......####.
#................##...<........
#................##........####
#..........%>....##........####
#...........)...##.......###8.
##.....##....@#.##........##..
###########..o..........###..
#####.........# #.. #.........#
#8. ....# ### .....######
...#...... ..o..o?.# .....$o..


You could see an orc priest.

Vanquished Creatures
  Grinder (D:6)
  Duvessa (D:4)
  A sky beast (D:5)
  A phantom (D:4)
  A black bear (D:6)
  2 ogres
  A big kobold (D:7)
  Dowan (D:4)
  2 scorpions (D:4)
  5 wights
  A crimson imp (D:6)
  A giant frog zombie (D:5)
  A jelly (D:7)
  A hound (D:6)
  2 orc priests
  2 iguanas
  6 orc wizards
  Jessica (D:3)
  A worker ant (D:4)
  2 hound skeletons
  3 gnolls (D:2)
  11 adders
  A shadow imp (D:7)
  3 oozes
  A worm (D:4)
  A dart slug (D:1)
  3 giant geckos
  14 orcs
  3 ball pythons
  5 bats
  5 giant cockroaches
  8 hobgoblins
  7 jackals
  13 kobolds
  4 quokkas
  3 giant newts
  9 goblins
  2 quokka skeletons (D:4)
  2 quokka zombies (D:6)
  7 rats
139 creatures vanquished.

Vanquished Creatures (others)
  An iguana (D:2)
1 creature vanquished.

Grand Total: 140 creatures vanquished

Notes
Turn   | Place    | Note
--------------------------------------------------------------
     0 | D:1      | varam the Troll Transmuter began the quest for the Orb.
     0 | D:1      | Reached XP level 1. HP: 18/18 MP: 1/1
    90 | D:1      | Reached XP level 2. HP: 24/26 MP: 0/2
   368 | D:1      | Reached XP level 3. HP: 32/32 MP: 2/4
   389 | D:1      | Learned a level 2 spell: Sticks to Snakes
   921 | D:2      | Reached XP level 4. HP: 40/40 MP: 3/5
  1289 | D:1      | Learned a level 3 spell: Spider Form
  1770 | D:2      | Found an oddly glowing altar of Pakellas.
  1770 | D:2      | Noticed an orange crystal statue
  1839 | D:3      | Found an ancient bone altar of Kikubaaqudgha.
  1843 | D:3      | Found a bloodstained altar of Trog.
  1845 | D:3      | Found a glowing golden altar of the Shining One.
  1893 | D:3      | Reached XP level 5. HP: 42/46 MP: 5/7
  2392 | D:3      | Noticed Jessica
  2407 | D:3      | Killed Jessica
  2907 | D:4      | Noticed Duvessa
  2907 | D:4      | Noticed Dowan
  2920 | D:4      | Killed Duvessa
  2920 | D:4      | Reached XP level 6. HP: 42/54 MP: 5/9
  2922 | D:4      | Killed Dowan
  2922 | D:4      | Reached skill level 4 in Unarmed Combat
  3471 | D:4      | Learned a level 4 spell: Ice Form
  3532 | D:4      | Reached XP level 7. HP: 26/61 MP: 1/11
  4560 | D:5      | Entered Level 5 of the Dungeon
  4614 | D:5      | Found a staircase to the Ecumenical Temple.
  4620 | Temple   | Entered the Ecumenical Temple
  4661 | Temple   | Became a worshipper of Makhleb the Destroyer
  4807 | D:6      | Noticed Grinder
  4843 | D:6      | Paralysed by Grinder for 4 turns
  4856 | D:6      | Killed Grinder
  4856 | D:6      | Reached skill level 5 in Unarmed Combat
  4856 | D:6      | Reached XP level 8. HP: 45/68 MP: 7/13
  5129 | D:7      | Reached * piety under Makhleb
  5624 | D:7      | Found a shadowy altar of Dithmenos.
  5682 | D:6      | Reached skill level 5 in Spellcasting
  5945 | D:6      | Reached ** piety under Makhleb
  6008 | D:6      | HP: 1/68 [orc warrior/trident (12)]
  6010 | D:6      | Found a bloodstained altar of Trog.
  6039 | D:5      | Reached skill level 6 in Unarmed Combat
  6071 | D:5      | HP: 3/68 [orc priest/divine providence (16)]
  6073 | D:5      | Killed from afar by an orc priest

Skill      XL: |  1  2  3  4  5  6  7  8 |
---------------+-------------------------+-----
Transmutations | 2 3 4 |  4.9
Spellcasting   | 2 3 4 5 |  5.3
Unarmed Combat | 4 5 6 |  6.0
Fighting       | |  0.8
Dodging        | |  1.8
Stealth        | |  0.1

Action                   |  1- 3 |  4- 6 |  7- 9 || total
-------------------------+-------+-------+-------++-------
Melee: Unarmed           |   128 |   135 |   234 ||   497
       Kick              |     9 |     6 |    15 ||    30
       Headbutt          |     6 |     3 |     9 ||    18
       Punch             |       |     2 |     1 ||     3
 Cast: Beastly Appendage |    20 |    29 |    17 ||    66
       Sticks to Snakes  |       |     1 |       ||     1
       Spider Form       |       |     4 |    21 ||    25
  Use: Scroll            |       |       |    10 ||    10
       Potion            |       |       |     2 ||     2
  Eat: Chunk             |    15 |    25 |    27 ||    67
Armor: Robe              |    42 |    33 |    34 ||   109
       Skin              |       |     1 |    13 ||    14
Dodge: Dodged            |    71 |    74 |   210 ||   355
